 Dungeon Crawl Stone Soup version 0.28-a0-726-g4a9143789a (webtiles) character file.

Game seed: 15295969860073326712

33 spiderkeys the Skirmisher (level 3, -6/21 (23) HPs)
             Began as a Kobold Abyssal Knight on Oct 28, 2021.
             Was a Follower of Lugonu.
             Killed from afar by a vampire mage (27 damage)
             ... with a bolt of negative energy
             ... on level 1 of the Abyss.
             The game lasted 00:01:02 (558 turns).

spiderkeys the Skirmisher (Kobold Abyssal Knight)    Turns: 558, Time: 00:01:02

HP:   -6/21 (23)    AC:  3    Str: 10      XL:     3   Next: 47%
MP:   4/4           EV: 14    Int: 11      God:    Lugonu [*.....]
Gold: 0             SH:  0    Dex: 15 (16) Spells: 2/2 levels left

rFire   . . .      SeeInvis .   a - +1 short sword
rCold   . . .      Faith    .   (shield restricted)
rNeg    . . .      Spirit   .   b - +0 leather armour
rPois   .          Reflect  .   (no helmet)
rElec   .          Harm     .   (no cloak)
rCorr   .          Rampage  .   (no gloves)
Will    .....                   (no boots)
Stlth   +++.......              (no amulet)
HPRegen 0.07/turn               (no ring)
MPRegen 0.09/turn               (no ring)

@: drained
A: small, no large weapons, nightstalker 3
a: Renounce Religion, Depart the Abyss


You were on level 1 of the Abyss.
You worshipped Lugonu.
Lugonu was aware of your devotion.
You visited 0 branches of the dungeon, and saw 0 of its levels.
You visited the Abyss 1 time.


Innate Abilities, Weirdness & Mutations

You are small and have problems with some larger weapons.
You are completely attuned to the shadows.


   Skills:
 + Level 3.6 Fighting
 + Level 3.2 Short Blades
 - Level 0.7 Armour
 + Level 2.9 Dodging
 + Level 1.6 Stealth
 + Level 2.4 Invocations


You had 2 spell levels left.
You didn't know any spells.
Your spell library contained the following spells:

 Spells                   Type           Power      Damage    Failure   Level
 Ensorcelled Hibernation  Hex/Ice        0%         N/A       58%         2
 Tukima's Dance           Hex            0%         N/A       82%         3

Inventory:

Hand Weapons
 a - a +1 short sword (weapon)
Armour
 b - a +0 leather armour (worn)

Dungeon Overview and Level Annotations

Branches:
Dungeon (0/15)

Altars:

.. #.## .#
#...###.#
#..#..#.###
#...{.@.... ##
###......## #.#
###....#### .##
#### #..#.#.## #
. # #.. .
###..#.... #
.#....#
........#. ##.#.
.#..###...# ..
##...#...#.......
# #..#.# ##...#..
.


There were no monsters in sight!


Message History

🤖 Initializing magus.rc ... ✅ Successfully initialized magus.rc [v1.9.10] Welcome, spiderkeys the Kobold Abyssal Knight.
Are you destined to find the fabulous Orb of Zot, or to die trying?
Lugonu says: Depart the Abyss and spread corruption, my servant! (use the ability menu to exit the Abyss) Press ? for a list of commands and other information.
Found a book of Maledictions.
Found two corrupted altars of Lugonu.
There is a corrupted altar of Lugonu here.
You pick up a book of Maledictions and begin reading...
You add the spells Ensorcelled Hibernation and Tukima's Dance to your library.
Found a gateway leading out of the Abyss.
You enter the shallow water.
Moving in this stuff is going to be slow.
Found a gateway leading out of the Abyss.
A quasit comes into view.
You catch the helpless quasit completely off-guard!
You puncture the quasit! The quasit bites you. The quasit claws you.
The quasit barely misses you. 😕 HP[-3]
You take 3 damage, and now have 11/14 hp.
MASSIVE DAMAGE!! (PAUSE)
You barely miss the quasit. The quasit closely misses you.
The quasit barely misses you. x2
You closely miss the quasit.
The quasit bites you but does no damage.
The quasit claws you but does no damage.
The quasit claws you.
You feel clumsy.
The quasit closely misses you. x2; The quasit misses you. 😮 HP[-1]
You take 1 damage, and now have 10/14 hp.
You miss the quasit. The quasit bites you.
* * * LOW HITPOINT WARNING * * *
The quasit barely misses you. The quasit misses you. 😨 HP[-3]
You take 3 damage, and now have 7/14 hp.
MASSIVE DAMAGE!! (PAUSE)
You hit the quasit but do no damage. The quasit barely misses you. x2
The quasit closely misses you.
You miss the quasit. The quasit closely misses you. The quasit claws you.
* * * LOW HITPOINT WARNING * * *
You feel clumsy.
The quasit claws you but does no damage. 😨 HP[-1]
You take 1 damage, and now have 6/14 hp.
You puncture the quasit!
The quasit bites you but does no damage.
The quasit barely misses you. The quasit claws you.
* * * LOW HITPOINT WARNING * * *
The quasit bites you.
* * * LOW HITPOINT WARNING * * *
The quasit closely misses you.
The quasit claws you but does no damage. 😱 HP[-5]
You take 5 damage, and now have 1/14 hp.
MASSIVE DAMAGE!! (PAUSE)
You miss the quasit. The quasit completely misses you.
The quasit closely misses you. The quasit barely misses you.
You hit the quasit.
You kill the quasit!
You feel your dexterity returning.
Your Short Blades skill increases to level 3!
Your Stealth skill increases to level 1!
You have reached level 2!
You have reached level 3!
Your experience leads to an increase in your attributes!
Your base attributes are Str 10, Int 11, Dex 15.
Increase (S)trength, (I)ntelligence, or (D)exterity?
You feel agile. 😱 HP[+2] MP[+2]
You now have 23 max hp (+9).
You regained 2 hp, and now have 3/23 hp.
Your mp is fully restored (4).
The substance of the Abyss twists violently, and a gateway leading out appears!
Key pressed, stopping explore.
A wretched star comes into view. 😱 HP[+1]
You start resting.
A large abomination comes into view. 😮 HP[+9]
You regained 9 hp, and now have 13/23 hp.
You start resting.
A large abomination is nearby! 😕 HP[+9]
You regained 9 hp, and now have 22/23 hp. 😎 HP[+1]
Your hp is fully restored (23).
You see here a +0 hunting sling.
A raiju comes into view.
A vampire mage comes into view. It is wielding a +0 trident.
The vampire mage gestures wildly while chanting.
The vampire mage flickers and vanishes!
Deactivating autopickup; reactivate with Ctrl-A.
You hear some strange, mumbled words.
A bolt of negative energy appears from out of thin air!
The bolt of negative energy hits you!!
You feel drained.
Ouch! That really hurt!
You die...

Skill      XL: |  1 |
---------------+----+-----
Short Blades   | 3 |  3.2
Stealth        | 1 |  1.6
Fighting       | |  3.6
Armour         | |  0.7
Dodging        | |  2.9
Invocations    | |  2.4

Action                   || total
-------------------------++-------
Melee: Short sword       ||     9
 Stab: Distracted        ||     1
Armor: Leather armour    ||     5
Dodge: Dodged            ||    18

Levels and vault maps discovered:
Abyss:1:  base: Temple, base: Temple, evilmike_abyss_exit_2

Notes
Turn   | Place    | Note
-------+----------+-------------------------------------------
     0 | Abyss:1  | spiderkeys the Kobold Abyssal Knight began the quest for
                  | the Orb.
     0 | Abyss:1  | Reached XP level 1. HP: 14/14 MP: 2/2
     0 | Abyss:1  | magus.rc [v1.9.10]
     4 | Abyss:1  | You pick up a book of Maledictions and begin reading...
     4 | Abyss:1  | You add the spells Ensorcelled Hibernation and Tukima's
                  | Dance to your library.
   136 | Abyss:1  | Noticed a quasit
   143 | Abyss:1  | HP: 1/14 [quasit (3)]
   145 | Abyss:1  | Killed a quasit
   146 | Abyss:1  | Reached skill level 3 in Short Blades
   146 | Abyss:1  | Reached skill level 1 in Stealth
   146 | Abyss:1  | Reached XP level 2. HP: 2/19 MP: 3/3
   146 | Abyss:1  | Reached XP level 3. HP: 3/23 MP: 4/4
   167 | Abyss:1  | Noticed a wretched star
   292 | Abyss:1  | Noticed a large abomination
   489 | Abyss:1  | Noticed a raiju
   554 | Abyss:1  | Noticed a vampire mage
   558 | Abyss:1  | Killed from afar by a vampire mage

Vanquished Creatures
  A quasit (Abyss:1)
1 creature vanquished.

Table legend:
 A = Non-vault XP
 B = Vault XP
 C = Vault XP percentage of total XP
 D = Non-vault monster count
 E = Vault monster count
 F = Vault count percentage of total count
                 A         B        C        D         E       F
            +---------+---------+-------+---------+---------+-------
      Total |      48 |       0 |   0.0 |       1 |       0 |   0.0
            +---------+---------+-------+---------+---------+-------
    Abyss:1 |      48 |       0 |   0.0 |       1 |       0 |   0.0
            +---------+---------+-------+---------+---------+-------

Illustrated notes

Table legend:
 A = Kills in this place as a percentage of kills in entire the game.
 B = Kills by you in this place as a percentage of kills by you in the entire game.
 C = Kills by friends in this place as a percentage of kills by friends in the entire game.
 D = Other kills in this place as a percentage of other kills in the entire game.
 E = Experience gained in this place as a percentage of experience gained in the entire game.
 F = Experience gained in this place divided by the number of levels of this place that you have seen.
                   A       B       C       D       E      F
               +-------+-------+-------+-------+-------+----------------------
         Total | 100.0 | 100.0 |   N/A |   N/A | 100.0 |  48.0
         Abyss | 100.0 | 100.0 |   N/A |   N/A | 100.0 |  48.0
               +-------+-------+-------+-------+-------+----------------------

Table legend: (Time is in decaauts)
 A = Elapsed time spent in this place.
 B = Non-inter-level travel time spent in this place.
 C = Inter-level travel time spent in this place.
 D = Time resting spent in this place.
 E = Time spent auto-exploring this place.
 F = Levels seen in this place.
 G = Mean time per level.
                   A        B        C        D        E       F      G
               +--------+--------+--------+--------+--------+-----+--------+
         Total |    558 |    558 |      0 |    250 |    212 |   1 |  558.0 |
         Abyss |    558 |    558 |      0 |    250 |    212 |   1 |  558.0 |
               +--------+--------+--------+--------+--------+-----+--------+

Top non-repeatable levels by time:
 Abyss:1: 558 daAuts
